 Dungeon Crawl Stone Soup version 0.31.0-9-g3a7656b989 (webtiles) character file.

Game seed: 5022845267894763472

44 Arcadio the Chiller (level 3, -3/24 HPs)
             Began as a Barachi Ice Elementalist on Jan 24, 2024.
             Incinerated by a bombardier beetle (4 damage)
             ... with a burning spray
             ... on level 2 of the Dungeon.
             The game lasted 00:01:31 (270 turns).

Arcadio the Chiller (Barachi Ice Elementalist)       Turns: 270, Time: 00:01:31

Health: -3/24      AC:  3    Str:  9    XL:     3   Next: 62%
Magic:  0/7        EV: 12    Int: 17    God:
Gold:   20         SH:  0    Dex: 12    Spells: 6/7 levels left

rFire   . . .        d - +1 short sword (speed)
rCold   . . .        (no shield)
rNeg    . . .        a - +0 robe
rPois   .            (no helmet)
rElec   .            g - +0 cloak
rCorr   .            (no gloves)
SInv    .            (no boots)
Will    .....        (no amulet)
Stlth   +            (no ring)
HPRegen 0.24/turn    (no ring)
MPRegen 0.10/turn

%: no passive effects
@: on fire, glowing, slow
A: amphibious, slowness 1, strong legs 1, +LOS
a: Hop


You were on level 2 of the Dungeon.
You visited 1 branch of the dungeon, and saw 2 of its levels.

You collected 20 gold pieces.

Inventory:

Hand Weapons
 c - a +0 whip
 d - a +1 short sword of speed (weapon)
Armour
 a - a +0 robe (worn)
 g - a +0 cloak (worn)
Scrolls
 e - a scroll of teleportation {unknown}
 f - a scroll of amnesia {unknown}
Potions
 b - a potion of magic


   Skills:
 + Level 2.8 Dodging
 + Level 2.3 Stealth
 + Level 2.7 Spellcasting
 + Level 5.2 Ice Magic


You had 6 spell levels left.
You knew the following spells:

 Your Spells              Type           Power      Damage    Failure   Level
a - Freeze                Ice            80%        1d9       1%          1

Your spell library contained the following spells:

 Spells                   Type           Power      Damage    Failure   Level
 Frozen Ramparts          Ice            40%        1d7       6%          3
 Ozocubu's Armour         Ice            20%        N/A       6%          3
 Summon Ice Beast         Ice/Summ       11%        N/A       19%         3


Dungeon Overview and Level Annotations

Branches:
Dungeon (2/15)

Altars:


Innate Abilities, Weirdness & Mutations

You are amphibious.
You cover ground slowly.
You can hop short distances.
You have an extended range of vision and can be seen from far away.


Message History

You are covered in liquid fire!
You barely miss the bombardier beetle.
The bombardier beetle is severely wounded.
The liquid fire burns you!
You completely miss the bombardier beetle.
The bombardier beetle is severely wounded.
The liquid fire burns you!
You hit the bombardier beetle but do no damage.
The bombardier beetle is severely wounded.
The liquid fire burns you!
The bombardier beetle sprays incendiary fluid at you.
The burning spray hits you.
You are even more covered in liquid fire!
You barely miss the bombardier beetle.
The bombardier beetle is severely wounded.
The liquid fire burns you!
You hit the bombardier beetle.
You kill the bombardier beetle!
The liquid fire burns you!
You have reached level 3!
Your experience leads to an increase in your attributes!
Increase (S)trength, (I)ntelligence, or (D)exterity?
You feel clever. x2
Casting: Freeze (safe; 1% risk of failure)
Confirm with . or Enter, or press ? or * to list all spells.
Aiming: Freeze (safe; 1% risk of failure)
Press: ? - help, Shift-Dir - straight line, f - hobgoblin
Aim: a hobgoblin, wielding the +5 quarterstaff of Qiliyta {flame, Stlth+} You freeze the hobgoblin.
The hobgoblin is lightly wounded.
The liquid fire burns you!
* * * LOW HITPOINT WARNING * * *
The hobgoblin hits you with the +5 quarterstaff of Qiliyta {flame, Stlth+}.
* * * LOW HITPOINT WARNING * * *
The hobgoblin burns you.
* * * LOW HITPOINT WARNING * * *
You hit the hobgoblin but do no damage.
The hobgoblin is lightly wounded.
The liquid fire burns you!
You die...

..# #.# #.# #.#######
##...#...# ##.........
#..........
###############..........
........@g...............
##########........†......
##...........#...#
#..........#######
#..........# #..........#
#..........# #...>......#
......(....##


You could see a hobgoblin.

Vanquished Creatures
  A bombardier beetle (D:2)
  An endoplasm (D:2)
  3 jackals (D:1)
  2 quokkas
  A frilled lizard (D:1)
  2 kobolds (D:1)
  A rat (D:1)
11 creatures vanquished.

Notes
Turn   | Place    | Note
-------+----------+-------------------------------------------
     0 | D:1      | Arcadio the Barachi Ice Elementalist began the quest for
                  | the Orb.
     0 | D:1      | Reached XP level 1. HP: 13/13 MP: 3/3
   131 | D:1      | Reached XP level 2. HP: 5/19 MP: 0/5
   226 | D:2      | Reached skill level 5 in Ice Magic
   238 | D:2      | Noticed a bombardier beetle
   258 | D:2      | Identified the +5 quarterstaff of Qiliyta {flame, Stlth+}
   268 | D:2      | Killed a bombardier beetle
   269 | D:2      | Reached XP level 3. HP: 8/24 MP: 1/7
   269 | D:2      | HP: 1/24 [hobgoblin/the +5 quarterstaff of Qiliyta {flame,
                  | Stlth+} (1)]
   270 | D:2      | Incinerated by a bombardier beetle

Illustrated notes

Levels and vault maps discovered:
D:1:      pf_arrival_petrified_forest, layout_loops_corners, minmay_pentomino_w2
D:2:      layout_rooms, basic_altar, minivault_25, uniq_robin,
          uniq_crazy_yiuf_cottage

Skill      XL: |  1  2 |
---------------+-------+-----
Stealth        | 2 |  2.3
Ice Magic      | 5 |  5.2
Dodging        | |  2.8
Spellcasting   | |  2.7

Action                     || total
---------------------------++-------
  Melee: Short sword       ||    44
         Whip              ||     1
   Cast: Freeze            ||    13
Ability: Hop               ||     1
   Stab: Sleeping          ||     1
         Distracted        ||     1
 Armour: Robe              ||    23
  Dodge: Dodged            ||    23
